[Event "*** Titled Tuesday Blitz"]
[Site "Chess.com"]
[Date "2020.05.12"]
[Round "2"]
[White "David_Paravyan"]
[Black "Niclox"]
[Result "1/2-1/2"]
[WhiteElo "2902"]
[BlackElo "2568"]
[TimeControl "180+1"]
[EndTime "10:19:18 PDT"]
[Termination "Game drawn - insufficient material"]

1. e4 c5 2. Nf3 d6 3. d4 cxd4 4.
Nxd4 Nf6 5. Nc3 g6 6. Be3 Bg7 7.
f3 Nc6 8. Qd2 O-O 9. O-O-O Nxd4 10. Bxd4 Be6 11. g4 Qa5 12. a3 Rfc8 13. Kb1 Rab8 14.
h4 b5 15. Nd5 Qxd2 16. Rxd2 Nxd5 17. exd5 Bxd5 18. Bxg7 Bxf3 19. Rh3 Bxg4 20. Rg3 Kxg7 21. Rxg4 f5 22. Rb4 a6 23. a4 Kf6 24. axb5 axb5 25. Rxb5 Rxb5 26. Bxb5 h6 27. Rd5 g5 28. hxg5+ hxg5 29.
Rxf5+ Kxf5 30. Bd7+ e6 31. Bxc8 g4 32. Ba6 Kf4 33. b4 Kf3 34. Bf1 Kf2 35. b5 Kxf1 36. b6 g3 37. b7 g2 38. b8=Q g1=Q 39. Qxd6 Qe3 40. Kb2 e5 41. c4 e4 42. c5 Qf2+ 43.
Kb3 e3 44. Qd1+ Kg2 45. Qg4+ Qg3 46. Qe2+ Kg1 47. Kc4 Qf2 48. Kd3 Qf5+ 49. Kd4 Qf4+ 50. Kd3 Qf5+ 51. Kd4 Qf6+ 52. Kxe3 Qc3+ 53. Kf4 Qxc5 54.
Kf3 Qh5+ 55. Ke3 Qe5+ 56. Kd2 Qb2+ 57. Kd3 Qb5+ 58. Ke3 Qe5+ 59. Kd2 Qb2+ 60. Kd3 Qxe2+ 61. Kxe2 1/2-1/2

[Event "*** Titled Tuesday Blitz"]
[Site "Chess.com"]
[Date "2020.05.12"]
[Round "2"]
[White "Rodchenkov_Vitalij"]
[Black "JoachimMouhamad"]
[Result "1/2-1/2"]
[WhiteElo "2436"]
[BlackElo "2214"]
[TimeControl "180+1"]
[EndTime "10:19:18 PDT"]
[Termination "Game drawn by repetition"]

1. d4 Nf6 2. c4 g6 3. g3 c6 4. Bg2 d5 5. Nf3 Bg7 6. Nc3 Ne4 7. Qb3 Nxc3 8. Qxc3 O-O 9. O-O Bf5 10. Bf4 Be4 11. Rfd1 dxc4 12. Qxc4 Qd5 13. Qb4 Re8 14. Qxb7 Nd7 15.
Bh3 Bxf3 16. exf3 e6 17. Rac1 Rec8 18. Bg2 Bxd4 19. Be3 c5 20. f4 Qd6 21. Qxa8 Rxa8 22. Bxa8 Nb6 23. Bf3 Kg7 24. b4 Qe7 25. Bxd4+ cxd4 26. Rxd4 h5 27. Rcd1 Na4 28. a3 a5 29. Rd7 Qf6 30.
bxa5 Qc3 31. R1d3 Qxa5 32. R7d4 Nc5 33. Re3 Kf6 34. h4 Qb6 35. Rb4 Qc7 36. Rc3 Qd6 37. Rb5 Nd3 38. Kg2 Ne1+ 39. Kf1 Nxf3 40. Rxf3 Qd1+ 41.
Kg2 Qa1 42. Rfb3 Qa2 43. R5b4 Qc2 44. a4 Qf5 45. Rb5 Qe4+ 46. Kh2 Qe2 47. Rb2 Qf1 48. a5 Qa1 49. Kg2 Kg7 50. Re2 Qa4 51. Ree5 Qc4 52. Rbc5 Qa4 53. Re3 Qa1 54. Rec3 Qa2 55. Rc7 Qd5+ 56. Kh3 Qa2 57. R3c5 Qxf2 58. a6 Qf1+ 59. Kh2 Qf2+ 60. Kh1 Qf1+ 61. Kh2 Qf2+ 62. Kh3 Qf1+ 63. Kh2 1/2-1/2

[Event "*** Titled Tuesday Blitz"]
[Site "Chess.com"]
[Date "2020.05.12"]
[Round "2"]
[White "THE_PLAYER6"]
[Black "VincentKeymer"]
[Result "0-1"]
[WhiteElo "2473"]
[BlackElo "2707"]
[TimeControl "180+1"]
[EndTime "10:19:19 PDT"]
[Termination "VincentKeymer won by resignation"]

1. d4 Nf6 2. c4 e6 3. Nc3 Bb4 4. g3 d5 5. Bg2 O-O 6. Nf3 dxc4 7. O-O Nc6 8. Qa4 a6 9. Ne5 Nxe5 10. Qxb4 Qxd4 11. Rd1 Qb6 12. Qxb6 cxb6 13. Bf4 Nc6 14. Na4 Nd7 15. Rxd7 Bxd7 16. Nxb6 e5 17. Nxd7 exf4 18.
Nxf8 Kxf8 19. Bxc6 bxc6 20. Rc1 fxg3 21. hxg3 Rb8 22.
Rxc4 Rxb2 23. a3 Rxe2 24. Rxc6 Re6 25. Rc7 h5 26. Kg2 g6 27. a4 Re4 28. a5 Re5 29.
Ra7 Rxa5 30. Kf3 Kg7 31. Kg2 Ra1 32. Kf3 g5 33. Ke4 Kg6 34. Kf3 f6 35. Ra8 a5 36.
Ra6 Kf5 37. Ra8 Ra3+ 38. Kg2 Ra2 39. Ra6 Ke5 40. Ra8 a4 41. Re8+ Kf5 42. Ra8 a3 43. Kf3 Ra1 44. Ra5+ Ke6 45. Ra6+ Ke5 46. Ra5+ Kd4 47.
Ra6 Kc3 48. Rxf6 Rg1 49. Rc6+ Kb2 50. Rb6+ Ka2 51. Rb5 g4+ 52. Ke3 Re1+ 53. Kf4 Rh1 54. Ke3 Rh2 55. f3 Rh3 56. Kf2 gxf3 57. Rb8 h4 58. g4 Rg3 59. Rb4 Ka1 60. Ra4 a2 61.
Rb4 Rg2+ 62. Kxf3 Rb2 63. Re4 h3 64. Kg3 h2 65. Re1+ Rb1 66. Re2 h1=Q 0-1

[Event "*** Titled Tuesday Blitz"]
[Site "Chess.com"]
[Date "2020.05.12"]
[Round "2"]
[White "Shukh_Nikolay"]
[Black "Igor_Lysyj"]
[Result "0-1"]
[WhiteElo "2517"]
[BlackElo "2788"]
[TimeControl "180+1"]
[EndTime "10:19:20 PDT"]
[Termination "Igor_Lysyj won by resignation"]

1. e4 e5 2. Nf3 Nc6 3. Bb5 Nf6 4. d3 Bc5 5. c3 O-O 6. O-O d6 7. h3 Bb6 8. Nbd2 Ne7 9. Nc4 Ng6 10. Nxb6 axb6 11. Re1 Bd7 12. Bc4 h6 13. d4 Re8 14.
dxe5 dxe5 15. Qb3 Qe7 16. a4 Nh5 17. Be3 Nhf4 18. Kh2 Qf6 19. Ng1 Bc6 20. f3 Red8 21. Red1 Rxd1 22. Qxd1 Rd8 23. Qb3 h5 24. a5 bxa5 25.
Rxa5 h4 26. Ra1 Nf8 27. Rd1 Rxd1 28. Qxd1 Qg5 29. Qd2 Qg3+ 30. Kh1 N8e6 31. Qf2 Qxf2 32. Bxf2 g5 33. Ne2 Nxe2 34. Bxe2 Nf4 35. Bc4 b6 36. Kg1 Kf8 37. Kf1 Ke7 38. b4 f6 39. Be3 Ba4 40. Kf2 Bd7 41. Bf1 Be6 42. Bb5 Kd6 43. Bf1 Kc6 44. Ke1 Kd6 45. Kf2 c5 46. bxc5+ bxc5 47. Ke1 Kc6 48. Kf2 Kb6 49. Ke1 Bd7 50. Kf2 Bb5 51. Ke1 Bxf1 52. Kxf1 Kb5 53. Kf2 Kc4 54. Kf1 Ne6 55. Bd2 Kd3 56. Be1 c4 57. Kf2 Nc5 58. Kf1 Na4 59. Bf2 Nxc3 60. Bc5 Na2 61. Ke1 c3 0-1

[Event "*** Titled Tuesday Blitz"]
[Site "Chess.com"]
[Date "2020.05.12"]
[Round "2"]
[White "enriquetejedor"]
[Black "theblitzchamp"]
[Result "0-1"]
[WhiteElo "2458"]
[BlackElo "2674"]
[TimeControl "180+1"]
[EndTime "10:19:20 PDT"]
[Termination "theblitzchamp won by resignation"]

1. e4 e5 2. Nf3 Nc6 3. Bb5 Nge7 4. O-O g6 5. c3 a6 6. Ba4 Bg7 7. d4 exd4 8. cxd4 b5 9. Bb3 O-O 10. Nc3 d6 11. h3 Na5 12. Bc2 c5 13. b3 Nac6 14. Be3 Qc7 15. Rc1 Bb7 16. dxc5 dxc5 17. Nd5 Nxd5 18. exd5 Nb4 19. Bxg6 fxg6 20. Bxc5 Nxa2 21.
Bxf8 Qxc1 22. Qe2 Qc3 23. Bxg7 Qxg7 24. Qxa2 Bxd5 25. Nd2 Qc3 26. Rd1 a5 27. Qb1 Bf7 28. Ne4 Qe5 29. Re1 a4 30. bxa4 bxa4 31. Qb6 Kg7 32. f4 Qe7 33. Qd4+ Kf8 34. Ra1 Qa7 35. Nc5 Kg8 36. Kh2 a3 37. Qc3 a2 38. f5 Rc8 39.
fxg6 hxg6 40. Qf3 Qxc5 41. Rf1 Qe5+ 42. Kg1 Qe6 43. Qf2 Qe7 44. h4 Qc5 45. h5 Qxf2+ 46. Kxf2 gxh5 47. Ra1 Rb8 48. Ke3 Rb1 49. Rxa2 Bxa2 50.
g4 Rb3+ 51. Kf4 hxg4 52. Kxg4 Rb5 53. Kf4 Bf7 54. Ke4 Kg7 55. Kd4 Rd5+ 56. Ke4 Kf6 57. Kf4 Rd4+ 58. Ke3 Ke5 59. Kf3 Be6 60. Ke3 Bf5 61.
Kf3 Rd3+ 62. Ke2 Ke4 63. Kf2 Bg4 64. Kg2 Kf4 0-1

[Event "*** Titled Tuesday Blitz"]
[Site "Chess.com"]
[Date "2020.05.12"]
[Round "2"]
[White "mikolka1985"]
[Black "RianKapriaga"]
[Result "1-0"]
[WhiteElo "2604"]
[BlackElo "2211"]
[TimeControl "180+1"]
[EndTime "10:19:20 PDT"]
[Termination "mikolka1985 won by checkmate"]

1. d4 Nf6 2. c4 e6 3. Nc3 Bb4 4.
f3 O-O 5. a3 Bxc3+ 6. bxc3 Ne8 7. e4 b6 8. Nh3 Qh4+ 9. g3 Qd8 10. Bd3 Bb7 11. e5 f5 12. exf6 Qxf6 13. O-O h6 14.
Nf4 Nc6 15. Bc2 Nd6 16. Qd3 Qf5 17. Qe2 Qf6 18. d5 Na5 19. dxe6 Rae8 20. Qd3 Qf5 21. Qxf5 Nxf5 22. exd7 Rd8 23. Ng6 Nd6 24. Nxf8 Kxf8 25. c5 bxc5 26. Ba4 Bc6 27. Bxc6 Nxc6 28. Be3 c4 29.
Bc5 Rxd7 30. Rfe1 Kf7 31. Rad1 Na5 32. Bxd6 cxd6 33. Rd5 Nc6 34. Re4 Ne7 35. Rd1 d5 36. Rxc4 Rb7 37. Rc5 Rb3 38. a4 h5 39. Rc7 Kf6 40.
Rd4 g5 41. Rb4 Ra3 42. Rbb7 Nf5 43. Rxa7 Ra1+ 44. Kg2 Ne3+ 45. Kf2 Nd1+ 46. Ke2 d4 47. cxd4 Ra2+ 48. Kxd1 Ra1+ 49. Kc2 Ra2+ 50. Kd3 Ra3+ 51. Ke4 Ra1 52. Rc6# 1-0

[Event "*** Titled Tuesday Blitz"]
[Site "Chess.com"]
[Date "2020.05.12"]
[Round "2"]
[White "TengisChess"]
[Black "CarlosAlbornoz"]
[Result "0-1"]
[WhiteElo "2482"]
[BlackElo "2718"]
[TimeControl "180+1"]
[EndTime "10:19:23 PDT"]
[Termination "CarlosAlbornoz won by resignation"]

1. b3 Nf6 2. f4 g6 3. Bb2 Bg7 4. Nf3 O-O 5. e3 c5 6. Be2 Nc6 7. O-O b6 8. Ne5 Bb7 9. Bf3 Qc7 10. Nxc6 Bxc6 11. d3 Rfd8 12. Nd2 Ng4 13. Bxg7 Nxe3 14. Be5 d6 15. Qe2 Nxf1 16. Rxf1 Bxf3 17. Qxf3 dxe5 18. fxe5 Qxe5 19. Qxf7+ Kh8 20. Qf2 Qg7 21. Qe2 Rf8 22.
Nf3 Qf6 23. Re1 Rae8 24. Qe4 e5 25. a4 Qf4 26. Re2 Qc1+ 27. Kf2 Qf4 28. Kg1 Qxe4 29.
Rxe4 Rf4 30. Re2 Kg7 31. Nd2 Rf5 32. g3 h5 33. Kg2 h4 34. Ne4 Rh8 35. g4 Rf4 36. h3 Rhf8 37. Re1 Rf3 38. Rd1 Re3 39. Rd2 Rff3 40. Nf2 Rg3+ 41. Kf1 Ref3 42. Re2 Rxh3 43.
Rxe5 Rh2 44. Re2 h3 45. Kg1 Rg2+ 46. Kf1 Rfg3 47. Ne4 Rxe2 48. Kxe2 Rxg4 49. Kf3 Rh4 50. Nf2 h2 51. Nh1 g5 52. Kg3 Kf6 53. Kg2 Ke5 54.
c3 Kf4 55. d4 cxd4 56. cxd4 Ke4 57. Ng3+ Kxd4 58. Nf5+ Kc3 59. Nxh4 gxh4 60. Kxh2 Kxb3 61. a5 bxa5 0-1

[Event "*** Titled Tuesday Blitz"]
[Site "Chess.com"]
[Date "2020.05.12"]
[Round "2"]
[White "Didici"]
[Black "Matalon"]
[Result "1-0"]
[WhiteElo "2637"]
[BlackElo "2338"]
[TimeControl "180+1"]
[EndTime "10:19:23 PDT"]
[Termination "Didici won on time"]

1. d4 Nf6 2. c4 g6 3. Nf3 Bg7 4. g3 O-O 5. Bg2 d6 6. O-O Nc6 7. Nc3 Bg4 8. d5 Na5 9. Qd3 c5 10. Ne1 a6 11. Nc2 Rb8 12. Bd2 b5 13. b3 b4 14. Nd1 Nd7 15. f3 Bxa1 16. Nxa1 Ne5 17.
Qc2 Bd7 18. Bh6 Re8 19. e4 f6 20. h4 Nf7 21. Bc1 e6 22. dxe6 Bxe6 23. Bb2 Nc6 24. Qd2 Nd4 25. Nc2 Nxc2 26. Qxc2 a5 27. Ne3 a4 28. f4 axb3 29. axb3 Ra8 30. Qb1 Qa5 31. Bxf6 Qa2 32. Qd1 Ra3 33. f5 Bd7 34. Qg4 Qxb3 35. Nd5 Qxg3 36. Qe2 Bxf5 37. Bb2 Ne5 38. Nf6+ Kf7 39.
Nxe8 Kxe8 40. exf5 Re3 41. Qf2 Nf3+ 42. Qxf3 Rxf3 43.
Rxf3 Qxh4 44. f6 Qxc4 45. f7+ Qxf7 46. Rxf7 Kxf7 47. Bd5+ Ke7 48. Kf2 h5 49. Kf3 Kd7 50.
Kf4 Kc7 51. Bf7 Kb6 52. Bxg6 Kb5 53. Bxh5 c4 54. Be2 d5 55. Ke5 Kc5 56. Bd4+ Kc6 57. Bf3 c3 58. Bxd5+ Kb5 59. Bb3 Kc6 60. Ke4 Kb5 61.
Kd3 Kc6 62. Kc4 1-0

[Event "*** Titled Tuesday Blitz"]
[Site "Chess.com"]
[Date "2020.05.12"]
[Round "2"]
[White "harkerchess"]
[Black "alexwinter25"]
[Result "1-0"]
[WhiteElo "1986"]
[BlackElo "2355"]
[TimeControl "180+1"]
[EndTime "10:19:24 PDT"]
[Termination "harkerchess won by resignation"]

1. d4 d5 2. c4 e6 3. Nc3 Nf6 4. cxd5 exd5 5. Bg5 Nbd7 6. e3 c6 7. Bd3 Be7 8. Qc2 O-O 9. Nge2 Re8 10. O-O Nf8 11. Rae1 Ne4 12. Bxe7 Qxe7 13. f3 Nxc3 14.
Nxc3 a5 15. e4 dxe4 16. fxe4 Qh4 17. g3 Qh3 18. Qf2 Qh5 19. Bc4 Be6 20. d5 Bh3 21. dxc6 Bxf1 22. Rxf1 Ne6 23. cxb7 Rab8 24. Bd5 f6 25.
Qf5 Qf7 26. e5 Kh8 27. exf6 Qxf6 28. Qxf6 gxf6 29. Rxf6 Nc5 30. Rc6 Nxb7 31. Rc7 Nd6 32. Bb3 Rbd8 33. Bc2 Re1+ 34. Kf2 Rc1 35. Nd5 Rf8+ 36.
Kg2 Rf7 37. Rc6 Nf5 38. Rc8+ Kg7 39. Bxf5 Rxf5 40. Rxc1 Rxd5 41. Rc2 a4 42. b3 axb3 43. axb3 h5 44. Rb2 Rb5 45. b4 Kg6 46. Kh3 Kg5 47.
Kg2 Kg4 48. h3+ Kg5 49. Kf3 Kf5 50. g4+ hxg4+ 51. hxg4+ Kg5 52. Kg3 Kg6 53. Kf4 Kf6 54.
Rb3 Kg6 55. g5 Rf5+ 56. Ke4 Rxg5 57. b5 Kf6 58. b6 Rg8 59. b7 Rb8 60. Kd5 Ke7 61. Kc6 Kd8 62. Re3 Rxb7 63. Kxb7 Kd7 64. Rd3+ Ke6 65. Kc6 Ke5 66. Kc5 Ke4 67. Kc4 Ke5 68.
Rd4 Ke6 69. Rd5 1-0

[Event "*** Titled Tuesday Blitz"]
[Site "Chess.com"]
[Date "2020.05.12"]
[Round "2"]
[White "vladislavkovalev"]
[Black "Kimster98"]
[Result "1-0"]
[WhiteElo "2902"]
[BlackElo "2555"]
[TimeControl "180+1"]
[EndTime "10:19:25 PDT"]
[Termination "vladislavkovalev won by resignation"]

1. e4 e5 2. Nf3 Nf6 3. Nxe5 d6 4.
Nc4 Nxe4 5. Qe2 Qe7 6. Ne3 c6 7. Nc3 Nxc3 8. dxc3 d5 9. g3 g6 10. Bg2 Bg7 11. O-O Be6 12. f4 f5 13. Bd2 Nd7 14.
Rae1 Kf7 15. g4 Rhe8 16. gxf5 Bxf5 17. Qf2 Qc5 18. Nxf5 Qxf2+ 19. Kxf2 gxf5 20. Bh3 Kf6 21. Be3 Re4 22. Bd4+ Kf7 23. Rxe4 dxe4 24. Bxg7 Kxg7 25. Bxf5 Nf6 26. Rd1 Re8 27. c4 Kf7 28. Ke3 Rg8 29.
Bh3 Ke7 30. a4 a5 31. b3 c5 32. Rd2 b6 33. Rg2 Rd8 34. Rg7+ Kf8 35. Rb7 Rd6 36. Bf5 h6 37. h3 Kg8 38. Re7 Kf8 39. Re6 Rxe6 40.
Bxe6 Ke7 41. Bf5 Kd6 42. Bxe4 Ke6 43. Kf3 Kd6 44. Bf5 Ke7 45. Bg6 Ke6 46. Bd3 Ke7 47.
f5 Kd6 48. Kf4 Nd7 49. f6 Nxf6 50. Kf5 Ke7 51. Kg6 h5 52. Bf5 h4 53. Kg5 Ne8 54. Kxh4 Kf6 55. Kg4 Nd6 56. Bd3 Nf7 57. Kf4 Ng5 58. h4 Nf7 59. h5 Nh6 60. Bg6 Ng8 61. Ke4 Ne7 62. Kf4 Ng8 63. Be4 Nh6 64. Bd3 Ng8 65. Bh7 Nh6 66. Ke4 Ke6 67. Bg6 Ng4 68.
Bf5+ 1-0

[Event "*** Titled Tuesday Blitz"]
[Site "Chess.com"]
[Date "2020.05.12"]
[Round "2"]
[White "lionheart95"]
[Black "Alexander_Moskalenko"]
[Result "0-1"]
[WhiteElo "2523"]
[BlackElo "2813"]
[TimeControl "180+1"]
[EndTime "10:19:25 PDT"]
[Termination "Alexander_Moskalenko won on time"]

1. e4 c6 2. d4 d5 3. e5 Bf5 4. h4 h5 5. Bd3 Bxd3 6. Qxd3 Qa5+ 7. Bd2 Qa6 8. e6 Qxd3 9. exf7+ Kxf7 10. cxd3 Nd7 11.
Nf3 Nh6 12. Nc3 Nf5 13. Ne2 e6 14. Ng5+ Kf6 15. Bc3 Bd6 16. g3 e5 17. dxe5+ Bxe5 18. d4 Bd6 19. O-O-O Rhe8 20. Rhe1 a5 21. Ng1 Bb4 22.
N1f3 Bxc3 23. bxc3 Nd6 24. Nh7+ Kg6 25. Nhg5 Kf5 26.
Kc2 Nc4 27. Ng1 Nf6 28. N1f3 Ng4 29. Nh3 a4 30. Nfg5 g6 31. Nf7 Kf6 32. Nfg5 b5 33.
Nh7+ Kf5 34. N7g5 Na3+ 35. Kd3 Nc4 36. f3 Nb2+ 37. Kc2 Nxd1 38. fxg4+ Kxg4 39. Rxd1 Re2+ 40. Rd2 Rae8 41. Nf4 Rxd2+ 42. Kxd2 Kxg3 43. Nxg6 Kf2 44. Ne5 Kg3 45. Nxc6 Kxh4 46. Nf3+ Kg3 47. Nce5 h4 48. Ng1 h3 49. Ne2+ Kg2 0-1

[Event "*** Titled Tuesday Blitz"]
[Site "Chess.com"]
[Date "2020.05.12"]
[Round "2"]
[White "grandemestregringo"]
[Black "baag"]
[Result "1-0"]
[WhiteElo "2459"]
[BlackElo "2637"]
[TimeControl "180+1"]
[EndTime "10:19:26 PDT"]
[Termination "grandemestregringo won by resignation"]

1. d4 Nf6 2. c4 c5 3. Nf3 cxd4 4. Nxd4 g6 5. Nc3 Bg7 6. g3 O-O 7. Bg2 Nc6 8. O-O d6 9. Bg5 Bd7 10. Nxc6 Bxc6 11. Bxc6 bxc6 12. Qd2 Rb8 13. Rad1 Qb6 14. b3 Rfd8 15. Na4 Qc7 16. Qc2 Rd7 17. c5 d5 18.
Bxf6 Bxf6 19. e4 e6 20. f4 Rb4 21. e5 Be7 22. a3 Rb5 23. b4 a5 24. Nc3 Rb8 25.
Na2 axb4 26. axb4 Qa7 27. Ra1 Qa3 28. Rfb1 Qe3+ 29. Kg2 Ra7 30. Rb3 Qe4+ 31. Qxe4 dxe4 32. Kf2 Rba8 33. Rb2 Ra3 34. Ke2 f6 35. Rc2 fxe5 36.
fxe5 Bf8 37. b5 cxb5 38. c6 b4 39. c7 Rc8 40. Rd1 Rd3 41. Nc1 b3 42. Nxb3 Bg7 43. Rc5 Kf7 44. Rxd3 exd3+ 45. Kxd3 Ke7 46. Nd4 Kd7 47. Nb5 h5 48. Nd6 Bf8 49. Nxc8 Bxc5 50. Nd6 Kxc7 51. Ne4 Be7 52. Ke3 Kc6 53. Kf4 Kd5 54.
Nf6+ Kd4 55. h3 Bd8 56. h4 Be7 57. Ng8 Bd8 58. Nf6 Bc7 59. Nd7 Bd8 60. Nf8 Kd5 61. Nxg6 Ba5 62. Kg5 Be1 63. Kxh5 Bxg3 64. Kg4 Be1 65.
Kg5 Bd2+ 66. Kf6 Bh6 67. h5 Be3 68. Kg7 Ke4 69. h6 1-0

[Event "*** Titled Tuesday Blitz"]
[Site "Chess.com"]
[Date "2020.05.12"]
[Round "2"]
[White "annamaja"]
[Black "Korchmar_Vasiliy"]
[Result "0-1"]
[WhiteElo "2310"]
[BlackElo "2620"]
[TimeControl "180+1"]
[EndTime "10:19:30 PDT"]
[Termination "Korchmar_Vasiliy won by checkmate"]

1. e4 c5 2. Nf3 d6 3. d4 cxd4 4. Nxd4 Nf6 5. Nc3 Nc6 6. Be2 e5 7. Nb3 h6 8. O-O Be7 9. Be3 O-O 10. Kh1 Be6 11. f4 exf4 12. Bxf4 Ne5 13. Nd4 Rc8 14. Qe1 Nfd7 15. Qg3 Bh4 16. Qe3 a6 17. Nxe6 fxe6 18. g3 Bf6 19. Rad1 Qe7 20. Qd2 Rc6 21. Nb1 Nc5 22. Qe3 g5 23. Bxe5 Bxe5 24. Rxf8+ Qxf8 25. Rf1 Qg7 26. c3 Rc7 27. Nd2 Rf7 28. Rxf7 Qxf7 29. Nc4 Qf6 30. Kg2 b5 31. Nd2 Kg7 32. b4 Na4 33. c4 Bd4 34. Qf3 Nc3 35. cxb5 axb5 36. Qxf6+ Kxf6 37. Bd3 Nxa2 38. Bxb5 Nxb4 39. Bc4 Nc2 40.
Bd3 Ne1+ 41. Kh3 Nxd3 42. Kg4 Kg6 43. h4 h5+ 44. Kh3 g4+ 45. Kg2 Nc5 46. Nc4 Be5 47. Nb6 Nxe4 48. Nc4 Bxg3 49. Ne3 Bxh4 50. Nc4 Bf6 51.
Ne3 d5 52. Nf1 h4 53. Nh2 h3+ 54. Kh1 Kf5 55. Nf1 Kf4 56. Kg1 Bd4+ 57. Kh1 Nf2+ 58.
Kh2 Kf3 59. Kg1 Ne4+ 60. Kh2 Be5+ 61. Kh1 Ng3+ 62. Nxg3 Kxg3 63. Kg1 d4 64. Kh1 d3 65. Kg1 d2 66. Kf1 d1=Q# 0-1

[Event "*** Titled Tuesday Blitz"]
[Site "Chess.com"]
[Date "2020.05.12"]
[Round "2"]
[White "Mbneu"]
[Black "Usurpov"]
[Result "1-0"]
[WhiteElo "2250"]
[BlackElo "2445"]
[TimeControl "180+1"]
[EndTime "10:19:30 PDT"]
[Termination "Mbneu won on time"]

1. d4 Nf6 2. c4 g6 3. Nc3 d5 4.
cxd5 Nxd5 5. g3 Bg7 6. Bg2 Nxc3 7. bxc3 O-O 8. e3 c5 9. Ne2 cxd4 10. cxd4 Nc6 11.
O-O Bd7 12. a4 Rc8 13. Ba3 Re8 14. Rc1 b6 15. Qd3 Na5 16. Qa6 Rxc1 17. Rxc1 Qb8 18. Nf4 e6 19. h4 Bxa4 20. h5 Bd7 21. hxg6 hxg6 22. Qe2 e5 23. dxe5 Qxe5 24. Nd5 Kh7 25. Rc7 Bc6 26. Rxf7 Bxd5 27. Bb2 Bxf7 28. Bxe5 Bxe5 29.
Qf3 Re7 30. Bf1 Kg7 31. Qg4 Bf6 32. Bd3 Nc6 33. e4 Ne5 34. Qe2 Nxd3 35. Qxd3 Be6 36. f4 Kf7 37. e5 Bg7 38. Kf2 Rc7 39. Kf3 Bf8 40. g4 Bb4 41. Qd8 Rc3+ 42. Kg2 Be7 43. Qh8 Bf8 44. Qh7+ Bg7 45. f5 Bd5+ 46. Kg1 Rg3+ 47.
Kf2 Rf3+ 48. Ke2 gxf5 49. gxf5 Kf8 50. f6 Bxf6 51. exf6 Rxf6 52. Qh8+ Ke7 53. Qg7+ Bf7 54. Kd3 a6 55. Kc3 b5 56. Qg5 1-0

[Event "*** Titled Tuesday Blitz"]
[Site "Chess.com"]
[Date "2020.05.12"]
[Round "2"]
[White "mmaks007"]
[Black "2L8IWUN"]
[Result "1-0"]
[WhiteElo "2236"]
[BlackElo "2434"]
[TimeControl "180+1"]
[EndTime "10:19:31 PDT"]
[Termination "mmaks007 won by resignation"]

1. e4 c5 2. Nf3 d6 3. d4 cxd4 4. Nxd4 Nf6 5. Nc3 Nc6 6. Be2 e5 7. Nf3 Be7 8. O-O O-O 9. Re1 h6 10. h3 Be6 11. Bf1 Re8 12. Nd5 Bxd5 13. exd5 Nb8 14. c4 a5 15. Nh4 Na6 16. Nf5 Bf8 17. Qf3 Kh7 18. b3 g6 19. Ng3 Bg7 20. Bb2 Nc5 21.
a3 Nfd7 22. b4 Na4 23. Qe2 f5 24. Rab1 Nxb2 25. Qxb2 axb4 26. axb4 e4 27. Qb3 Ne5 28. Red1 Qc7 29. Rbc1 Rec8 30. c5 Qe7 31. Bb5 Nf7 32. c6 Rab8 33. Ba4 f4 34. Nf1 g5 35. b5 b6 36. Qc4 Kh8 37. Bc2 Re8 38. Re1 Ne5 39. Qxe4 Bf6 40. Qf5 Qg7 41. Nh2 Rbc8 42. Ng4 Nxg4 43.
hxg4 Rxe1+ 44. Rxe1 Be5 45. f3 Rf8 46. Qe4 Bd4+ 47. Kh1 Be5 48. Qg6 Qxg6 49. Bxg6 Kg7 50. Bf5 Rf7 51. Bd7 Bd4 52. c7 Rxd7 53. c8=Q Rf7 54.
Qe6 Be5 55. Kg1 Bd4+ 56. Kf1 Bc5 57. Qe4 Ra7 58. Rc1 Ra2 59. Qe7+ Kg6 60. Qe8+ Kg7 61.
Rxc5 bxc5 62. Qe7+ 1-0

[Event "*** Titled Tuesday Blitz"]
[Site "Chess.com"]
[Date "2020.05.12"]
[Round "2"]
[White "White_Ghost"]
[Black "Oneofmyturns"]
[Result "0-1"]
[WhiteElo "2431"]
[BlackElo "2662"]
[TimeControl "180+1"]
[EndTime "10:19:33 PDT"]
[Termination "Oneofmyturns won by checkmate"]

1. d4 Nf6 2. c4 e6 3. Nf3 d5 4.
g3 dxc4 5. Bg2 c5 6. O-O Nc6 7. dxc5 Qxd1 8. Rxd1 Bxc5 9. Nbd2 c3 10. bxc3 O-O 11. Nb3 Be7 12. Be3 Nd5 13. Bd2 Ba3 14. e4 Nb6 15. Nbd4 Bd7 16. Rab1 Rfd8 17. Be3 Nc4 18. Rxb7 N6a5 19. Rbb1 Nxe3 20. fxe3 Ba4 21.
Re1 Rac8 22. Nb5 Bc5 23. Kf2 Nc4 24. Bf1 Bxb5 25. Rxb5 Nd6 26. Rb3 Nxe4+ 27. Kg2 Bb6 28.
c4 f6 29. Rd3 Rxd3 30. Bxd3 Nc5 31. Bf1 Rd8 32. Nd4 e5 33. Nb3 Ne4 34. Kf3 Ng5+ 35.
Ke2 Ne6 36. Rd1 Rc8 37. Kd2 Kf8 38. Kc3 Bxe3 39. Rd6 Nc5 40. Nxc5 Bxc5 41. Rd7 Bd4+ 42. Kd3 h5 43. Bg2 Bb6 44. Bd5 Rd8 45. Rf7+ Kg8 46.
Re7+ Kh7 47. Ke4 Kg6 48. h4 Bd4 49. Bf7+ Kh6 50. Bd5 Kg6 51. Rc7 f5+ 52. Kf3 Rd6 53. Bf7+ Kh6 54. Bd5 Ra6 55. Rc6+ Rxc6 56. Bxc6 Kg6 57.
Bd5 Kf6 58. a4 g5 59. hxg5+ Kxg5 60. Kg2 h4 61. gxh4+ Kxh4 62. Kf3 Kg5 63. Kg3 e4 64. Bc6 f4+ 65. Kg2 Kf5 66. Kf1 f3 67. c5 Bxc5 68.
Bb7 Kf4 69. Ke1 e3 70. Kf1 e2+ 71. Ke1 Bb4+ 72. Kf2 e1=Q# 0-1

[Event "*** Titled Tuesday Blitz"]
[Site "Chess.com"]
[Date "2020.05.12"]
[Round "2"]
[White "Gajuchess"]
[Black "Karacsonyi_Gellert"]
[Result "1/2-1/2"]
[WhiteElo "2709"]
[BlackElo "2488"]
[TimeControl "180+1"]
[EndTime "10:19:34 PDT"]
[Termination "Game drawn by repetition"]

1. Nf3 Nf6 2. c4 e6 3. Nc3 d5 4. d4 Nbd7 5. e3 a6 6. cxd5 exd5 7. Bd3 c5 8. O-O Be7 9. b3 O-O 10. Bb2 cxd4 11. Nxd4 Nc5 12. Be2 Nce4 13. Rc1 Nxc3 14.
Bxc3 Ne4 15. Bb2 Be6 16. Bd3 Rc8 17. Nxe6 fxe6 18. Rxc8 Qxc8 19. Bxe4 dxe4 20. Qg4 Bf6 21. Bxf6 Rxf6 22. Qxe4 h6 23. h4 Rf5 24. Rd1 Rc5 25. g3 Rc1 26. Rxc1 Qxc1+ 27. Kg2 Qc8 28. h5 Qd7 29. g4 Kh8 30. Kf3 Kg8 31. Kg3 Qd6+ 32. Kg2 Qd7 33. Qe5 Qc6+ 34. Kg3 Qd7 35. g5 hxg5 36. Qxg5 Qd6+ 37. Kg2 Qc6+ 38. Kg1 Qc1+ 39. Kh2 Qc7+ 40. Qg3 Qc5 41. Qg6 Qd6+ 42. Kg2 Qc6+ 43. e4 Kf8 44. h6 gxh6 45. Qxh6+ Ke7 46. Qg7+ Ke8 47. Kf3 a5 48. Qg8+ Kd7 49. Qf7+ Kc8 50. Qf8+ Kc7 51. Qe7+ Kc8 52. Kf4 Qc1+ 53. Ke5 Qb2+ 54.
Kxe6 Qxa2 55. Qc5+ Kb8 56. Kd7 Qxb3 57. Qc7+ Ka7 58.
Qxa5+ Kb8 59. Qd8+ Ka7 60. Qa5+ Kb8 61. Qe5+ Ka7 62.
Qd5 Qh3+ 63. Qf5 Qd3+ 64. Ke7 b5 65. Qd7+ Qxd7+ 66. Kxd7 b4 67. e5 b3 68. e6 b2 69. e7 b1=Q 70. e8=Q Qb5+ 71. Kd8 Qb8+ 72. Ke7 Qe5+ 73. Kf8 Qh8+ 74. Kf7 Qh5+ 75. Ke7 Qe5+ 76. Kd7 Qb5+ 77. Ke7 Qe5+ 1/2-1/2

[Event "*** Titled Tuesday Blitz"]
[Site "Chess.com"]
[Date "2020.05.12"]
[Round "2"]
[White "GM_LOADING"]
[Black "ElGasanov"]
[Result "0-1"]
[WhiteElo "2490"]
[BlackElo "2727"]
[TimeControl "180+1"]
[EndTime "10:19:35 PDT"]
[Termination "ElGasanov won by checkmate"]

1. e4 c5 2. Nf3 Nc6 3. d4 cxd4 4. Nxd4 Nf6 5. Nc3 e6 6. Ndb5 Bc5 7. Bf4 O-O 8. Bc7 Qe7 9. Bd6 Bxd6 10. Qxd6 Qd8 11. O-O-O a6 12. Nd4 Qb6 13. Nxc6 bxc6 14. f3 Ne8 15. Qd2 d5 16. Bd3 Rb8 17. Na4 Qd4 18. Qa5 Nd6 19. Rhe1 Qb4 20. Qxb4 Rxb4 21. Nc5 a5 22. e5 Nb7 23. c3 Rh4 24. Nxb7 Bxb7 25. h3 c5 26. Bf1 f6 27. g3 Rh6 28. exf6 Rhxf6 29. f4 h6 30. h4 g5 31. hxg5 hxg5 32.
Bh3 Kf7 33. fxg5 Rg6 34. Re5 Rfg8 35. Rde1 Bc8 36. c4 dxc4 37. Rxc5 Ke7 38. Rxc4 Rxg5 39.
Rc6 Bd7 40. Ra6 Rxg3 41. Bxe6 Rg1 42. Rxg1 Rxg1+ 43. Kd2 Bxe6 44. Rxa5 Rg2+ 45. Kc3 Kd6 46. b3 Bd5 47. Kb4 Rg4+ 48. Ka3 Kc6 49. Ra6+ Kb5 50.
Rh6 Be4 51. Rh5+ Kb6 52. b4 Rg3+ 53. Kb2 Rg2+ 54. Ka3 Bb1 55. Rh6+ Kb7 56. Ka4 Rxa2+ 57. Kb3 Rg2 58. Rh5 Rg3+ 59. Ka4 Bg6 60. Rh6 Kb6 61. Rh8 Bc2# 0-1